 Dungeon Crawl Stone Soup version 0.30.0-13-g156ef70053 (webtiles) character file.

Game seed: 6163672137340635340

17134 LustLizard the Destroyer (level 12, -9/75 HPs)
             Began as a Gargoyle Earth Elementalist on May 17, 2023.
             Was an Elder of Makhleb.
             Mangled by a skeletal warrior
             ... wielding a +0 morningstar
              (19 damage)
             ... on level 12 of the Dungeon.
             The game lasted 00:26:42 (14547 turns).

LustLizard the Destroyer (GrEE)                    Turns: 14547, Time: 00:26:42

Health: -9/75      AC: 32    Str: 12    XL:     12   Next: 44%
Magic:  20/28      EV: 12    Int: 21    God:    Makhleb [****..]
Gold:   864        SH:  0    Dex: 13    Spells: 10/25 levels left

rFire   . . .        c - +1 short sword (venom)
rCold   . . .        (no shield)
rNeg    + . .        K - +1 steam dragon scales
rPois   ∞            J - +2 hood of the Assassin {Detect Stab+ Stlth++}
rElec   +            (no cloak)
rCorr   .            A - +2 pair of gloves
SInv    .            x - +2 pair of boots
Will    .....        B
                       - Hermit's Pendant {Faith Invo=14 Evo=0 MP+5}
Stlth   +++++        L - ring of Xilyjaag {rElec AC+4 Dex+3 Stlth+}
HPRegen 0.32/turn    n - +4 ring of protection
MPRegen 0.21/turn

%: faith
@: studying Conjurations
A: sickness immunity, AC +8, negative energy resistance 1, electricity
resistance, torment resistance 1, petrification resistance
a: Renounce Religion, Minor Destruction, Lesser Servant of Makhleb, Major
Destruction


You were on level 12 of the Dungeon.
You worshipped Makhleb.
Makhleb was greatly pleased with you.
You visited 2 branches of the dungeon, and saw 13 of its levels.
You also visited: Sewer.

You collected 864 gold pieces.

Inventory:

Hand Weapons
 c - a +1 short sword of venom (weapon)
 v - a +0 lajatang
Missiles
 M - 2 throwing nets
Armour
 x - a +2 pair of boots (worn)
 A - a +2 pair of gloves (worn)
 J - the +2 hood of the Assassin (worn) {Detect Stab+ Stlth++}
   (You found it on level 7 of the Dungeon)

   Detect:    It allows the wearer to sense nearby creatures.
   Stab+:     It allows the wearer to make particularly effective stabbing
   attacks against helpless or unaware enemies with any weapon.
   Stlth:     It makes you much more stealthy.
 K - +1 steam dragon scales (worn)
Jewellery
 h - an amulet of reflection
 l - an amulet of guardian spirit
 m - a +6 ring of dexterity
 n - a +4 ring of protection (right hand)
 p - a ring of wizardry
 s - a ring of flight
 B - the Hermit's Pendant (around neck) {Faith Invo=14 Evo=0 MP+5}
   (You found it on level 4 of the Dungeon)

   [amulet of faith]

   Invo=14: It sets your Invocations skill to 14.
   Evo=0: It sets your Evocations skill to 0.
   It allows you to gain divine favour quickly.
   MP:        It affects your magic capacity (+5).
 L - the ring of Xilyjaag (left hand) {rElec AC+4 Dex+3 Stlth+}
   (You found it on level 8 of the Dungeon)

   [ring of protection]

   AC:        It affects your AC (+4).
   Dex:       It affects your dexterity (+3).
   rElec:     It insulates you from electricity.
   Stlth:     It makes you more stealthy.
Wands
 a - a wand of roots (30)
 q - a wand of acid (5)
 w - a wand of flame (53)
 I - a wand of polymorph (14)
 T - a wand of charming (6)
Scrolls
 d - a scroll of blinking {unknown}
 g - 4 scrolls of enchant armour
 u - 3 scrolls of enchant weapon {unknown}
 y - 3 scrolls of immolation
 z - 2 scrolls of butterflies
 C - 5 scrolls of teleportation
 D - 2 scrolls of fog {unknown}
 E - 2 scrolls of poison
 F - 4 scrolls of amnesia {unknown}
 G - 2 scrolls of magic mapping {unknown}
 N - a scroll of silence {unknown}
 O - 2 scrolls of fear {unknown}
 Q - 2 scrolls of vulnerability {unknown}
Potions
 b - 2 potions of magic
 e - 3 potions of heal wounds
 f - 2 potions of haste
 i - 2 potions of mutation
 j - 3 potions of might
 k - 5 potions of curing
 r - 8 potions of brilliance
 t - 2 potions of ambrosia
 P - a potion of flight
Miscellaneous
 R - a box of beasts


   Skills:
 + Level 8.5 Fighting
 * Level 4.6 Armour
 - Level 1.5 Dodging
 - Level 4.0 Stealth
 + Level 7.4 Spellcasting
 * Level 14.5 Conjurations
 - Level 0.7 Transmutations
 - Level 3.0 Air Magic
 * Level 13.6 Earth Magic


You had 10 spell levels left.
You knew the following spells:

 Your Spells              Type           Power      Damage    Failure   Level
a - Sandblast             Erth           100%       2d20      1%          1
b - Magic Dart            Conj           100%       1d8       1%          1
c - Stone Arrow           Conj/Erth      100%       3d13      1%          3
d - Mephitic Cloud        Conj/Pois/Air  32%        N/A       2%          3
e - Swiftness             Air            20%        N/A       8%          3
f - Fulminant Prism       Conj/Hex       19%        3d10      4%          4

Your spell library contained the following spells:

 Spells                   Type           Power      Damage    Failure   Level
 Passwall                 Tmut/Erth      30%        N/A       1%          2
 Searing Ray              Conj           100%       2d8       1%          2
 Petrify                  Tmut/Erth      37%        N/A       4%          4
 Arcjolt                  Conj/Air       22%        1d32      6%          5
 Apportation              Tloc           14%        N/A       9%          1
 Necrotise                Necr           28%        1d5       9%          1
 Summon Small Mammal      Summ           28%        N/A       9%          1
 Call Imp                 Summ           14%        N/A       13%         2
 Ensorcelled Hibernation  Hex/Ice        14%        N/A       13%         2
 Lesser Beckoning         Tloc           14%        N/A       13%         2
 Vhi's Electric Charge    Tloc/Air       28%        N/A       14%         3
 Call Canine Familiar     Summ           7%         N/A       26%         3
 Gell's Gravitas          Tloc           7%         N/A       26%         3
 Summon Guardian Golem    Hex/Summ       7%         N/A       26%         3
 Teleport Other           Tloc           7%         N/A       26%         3
 Conjure Ball Lightning   Conj/Air       22%        3x3d6     34%         6
 Dispersal                Tloc           3%         N/A       100%        6
 Discord                  Hex            3%         N/A       100%        8
 Disjunction              Tloc           3%         N/A       100%        8
 Maxwell's Capacitive Co  Air            10%        ∞         100%        8


Dungeon Overview and Level Annotations

Branches:
Dungeon (12/15)            Temple (1/1) D:5            Lair (0/5) D:8
    Orc (0/2) D:10          Sewer (visited)

Altars:
Ashenzari
Cheibriados
Dithmenos
Elyvilon
Fedhas
Gozag
Hepliaklqana
Kikubaaqudgha
Makhleb
Nemelex Xobeh
Okawaru
Qazlal
Ru
Sif Muna
Trog
Uskayaw
Vehumet
Wu Jian
Xom
Yredelemnul
Zin
The Shining One

Shops:
D:12 *

Annotations:
D:9 6 transporters
D:12 3 runed translucent doors, pdpol's ghost, journeyman MiFi


Innate Abilities, Weirdness & Mutations

You are immune to sickness and miasma.
Your stone body is resilient. (AC +8)
You are immune to poison.
You resist negative energy. (rN+)
You are resistant to electric shocks. (rElec)
You are resistant to unholy torment.
You are immune to petrification.


Message History

Aim: a skeletal warrior, wielding a +0 morningstar and wearing a +0 ring mail (almost destroyed)
The bolt of negative energy hits the skeletal warrior.
The skeletal warrior completely resists.
The skeletal warrior is almost destroyed.
The skeletal warrior barely misses you.
The skeletal warrior hits you with a +0 morningstar!
Aiming: Major Destruction (0% risk of failure)
Press: ? - help, Shift-Dir - straight line, f/p - skeletal warrior
Aim: a skeletal warrior, wielding a +0 morningstar and wearing a +0 ring mail (almost destroyed)
The bolt of negative energy hits the skeletal warrior.
The skeletal warrior completely resists.
The skeletal warrior is almost destroyed.
The ten-headed hydra roars!
The skeletal warrior hits you from afar with a +0 halberd.
* * * LOW HITPOINT WARNING * * *
The skeletal warrior hits you but does no damage.
You feel much better.
Pdpol's ghost screams, "I'll kill anyone who wants the ORB!"
The skeletal warrior closely misses you.
The skeletal warrior hits you with a +0 morningstar!!
Casting: Stone Arrow (safe; 1% risk of failure)
Confirm with . or Enter, or press ? or * to list all spells.
Okay, then.
Casting: Stone Arrow (safe; 1% risk of failure)
Confirm with . or Enter, or press ? or * to list all spells.
Okay, then.
Okay, then.
Magic courses through your body.
The skeletal warrior hits you but does no damage.
The skeletal warrior hits you with a +0 morningstar!
* * * LOW HITPOINT WARNING * * *
Casting: Stone Arrow (safe; 1% risk of failure)
Confirm with . or Enter, or press ? or * to list all spells.
Aiming: Stone Arrow (safe; 1% risk of failure)
Press: ? - help, Shift-Dir - straight line, f/p - skeletal warrior
Aim: a skeletal warrior, wielding a +0 morningstar and wearing a +0 ring mail (almost destroyed, 81% to hit)
The stone arrow hits the skeletal warrior but does no damage.
The skeletal warrior is almost destroyed.
The skeletal warrior hits you with a +0 morningstar!!
You die...

......#####.............###.##
.....##♣P.##...........#.#...#
....##.....#.................#
##..#.[....+.................#
##.#♣..).D+.................#
#.#~)?..D+......)..........#
##.##♣...W#....z............#
##...##♣♣.##.................#
.[....#####....z@............#
.............................#
...E°☼☼....).................#
.....###.....................#
....## ##..###...............#
u...# #..# #.......†.......#
....# #..###..............>#
.....# .....................#
.............................#


You could see 2 ten-headed hydras, 2 skeletal warriors and pdpol's ghost.

Vanquished Creatures
  A centaur warrior (D:9)
  A two-headed ogre (D:8)
  2 boulder beetles
  A tengu warrior (D:9)
  A skeletal warrior (D:12)
  A deep elf pyromancer (D:12)
  A manticore (D:9)
  4 ugly things
  3 cyclopes
  A gargoyle (D:11)
  3 unseen horrors
  A tengu conjurer (D:9)
  7 trolls
  Grinder (D:3)
  A wraith (D:12)
  A vampire (D:10)
  2 wyverns
  Grum (D:9)
  4 steam dragons
  Menkaure (D:7)
  3 vampire mosquitoes
  2 acid dragons (D:9)
  An acid dragon (shapeshifter) (D:9)
  A water moccasin (D:7)
  Duvessa (D:6)
  A black bear (D:6)
  5 orc warriors
  2 sky beasts
  An ice beast (D:8)
  2 ogres (D:5)
  2 wolves (D:9)
  3 centaurs
  5 kobold brigands
  A bullfrog (D:7)
  A gnoll sergeant (D:6)
  A scorpion (D:5)
  12 wights
  Dowan (D:6)
  19 killer bees
  2 howler monkeys
  5 electric eels
  2 hounds
  A jelly (D:6)
  5 orc priests
  7 iguanas
  8 orc wizards
  Natasha (thrice) (D:3)
  10 gnolls
  16 adders
  4 river rats
  A shadow imp (D:6)
  A white imp (D:5)
  2 ufetubi (D:6)
  3 worms
  8 dart slugs
  27 orcs
  10 endoplasms
  2 giant cockroaches (D:3)
  10 hobgoblins
  A quokka (D:2)
  7 ball pythons
  11 bats
  10 frilled lizards
  8 goblins
  20 kobolds
  15 rats
301 creatures vanquished.

Vanquished Creatures (others)
  A killer bee (D:9)
1 creature vanquished.

Grand Total: 302 creatures vanquished

Notes
Turn   | Place    | Note
-------+----------+-------------------------------------------
     0 | D:1      | LustLizard the Gargoyle Earth Elementalist began the quest
                  | for the Orb.
     0 | D:1      | Reached XP level 1. HP: 10/10 MP: 3/3
   277 | D:1      | Reached XP level 2. HP: 16/16 MP: 1/5
   321 | D:1      | Learned a level 1 spell: Magic Dart
   691 | D:1      | Reached skill level 1 in Conjurations
   691 | D:1      | Reached XP level 3. HP: 20/20 MP: 2/6
   805 | D:1      | Found a faded altar of an unknown god.
   925 | D:1      | Reached skill level 1 in Fighting
  1460 | D:2      | Learned a level 3 spell: Stone Arrow
  1575 | D:2      | Reached XP level 4. HP: 21/25 MP: 2/7
  2223 | D:3      | Noticed Natasha
  2230 | D:3      | Killed Natasha
  2245 | D:3      | Reached skill level 2 in Conjurations
  2299 | D:3      | Noticed Natasha
  2312 | D:3      | Killed Natasha
  2313 | D:3      | Reached skill level 5 in Earth Magic
  2313 | D:3      | Reached XP level 5. HP: 19/30 MP: 5/8
  2341 | D:3      | Noticed Natasha
  2428 | D:3      | Killed Natasha
  2629 | D:3      | Found an iron altar of Okawaru.
  2929 | D:3      | Noticed Grinder
  2929 | D:3      | Paralysed by Grinder for 4 turns
  2943 | D:3      | Paralysed by Grinder for 2 turns
  2954 | D:3      | Paralysed by Grinder for 3 turns
  2960 | D:3      | Paralysed by Grinder for 4 turns
  2961 | D:3      | Killed Grinder
  2962 | D:3      | Reached skill level 3 in Conjurations
  2962 | D:3      | Reached XP level 6. HP: 28/36 MP: 1/10
  3390 | D:4      | Learned a level 3 spell: Mephitic Cloud
  3487 | D:4      | Found the Hermit's Pendant {Faith Invo=14 Evo=0 MP+5}
  3957 | D:4      | Reached XP level 7. HP: 40/40 MP: 6/11
  4138 | D:4      | Found a shimmering blue altar of Sif Muna.
  4265 | D:5      | Entered Level 5 of the Dungeon
  4310 | D:5      | Reached skill level 4 in Conjurations
  4386 | D:5      | Reached skill level 1 in Air Magic
  4453 | D:5      | Found a glowing drain.
  4457 | Sewer    | Entered a sewer
  5024 | D:5      | Reached XP level 8. HP: 46/46 MP: 7/13
  5134 | D:5      | Found a hide-covered altar of Uskayaw.
  5208 | D:5      | Reached skill level 5 in Conjurations
  5340 | D:5      | Found a staircase to the Ecumenical Temple.
  5364 | Temple   | Entered the Ecumenical Temple
  5693 | D:5      | Found a burning altar of Makhleb.
  5704 | D:5      | Became a worshipper of Makhleb the Destroyer
  6122 | D:6      | Reached skill level 6 in Conjurations
  6209 | D:6      | Noticed Dowan
  6210 | D:6      | Noticed Duvessa
  6226 | D:6      | Killed Duvessa
  6232 | D:6      | Killed Dowan
  6233 | D:6      | Reached XP level 9. HP: 44/52 MP: 0/19
  6237 | D:6      | Learned a level 3 spell: Swiftness
  6519 | D:6      | Reached * piety under Makhleb
  7352 | D:7      | Found the +2 hood of the Assassin {Detect Stab+ Stlth++}
  7357 | D:7      | Found a radiant altar of Vehumet.
  7473 | D:7      | Found a broken altar of Ashenzari.
  7487 | D:7      | Reached skill level 7 in Conjurations
  7577 | D:7      | Reached skill level 5 in Fighting
  7912 | D:7      | Noticed Menkaure
  7917 | D:7      | Killed Menkaure
  8023 | D:7      | Reached ** piety under Makhleb
  8275 | D:8      | Identified the +0 robe of the Sacrificial Victim {rCorr
                  | Str-2 Dex+2}
  8305 | D:8      | Noticed a two-headed ogre
  8312 | D:8      | Killed a two-headed ogre
  8313 | D:8      | Reached skill level 5 in Spellcasting
  8313 | D:8      | Reached skill level 8 in Conjurations
  8313 | D:8      | Reached XP level 10. HP: 60/60 MP: 12/20
  8518 | D:8      | Found a staircase to the Lair.
  8528 | D:8      | Identified the ring of Xilyjaag {rElec AC+4 Dex+3 Stlth+}
  8549 | D:8      | Reached skill level 10 in Earth Magic
  9251 | D:9      | Noticed Grum
  9254 | D:9      | Killed Grum
  9317 | D:9      | Found a transporter.
  9396 | D:9      | Found a transporter.
  9403 | D:9      | Found a transporter.
  9446 | D:9      | Reached skill level 9 in Conjurations
  9584 | D:9      | Reached *** piety under Makhleb
  9682 | D:9      | Noticed a centaur warrior
  9687 | D:9      | Killed a centaur warrior
  9688 | D:9      | Reached skill level 10 in Conjurations
  9899 | D:9      | Noticed a cyclops
  9933 | D:9      | Killed a cyclops
  9998 | D:9      | Reached skill level 11 in Conjurations
  9998 | D:9      | Reached XP level 11. HP: 66/66 MP: 16/21
 10064 | D:9      | Noticed a cyclops
 10064 | D:9      | Noticed a cyan ugly thing
 10167 | D:9      | Noticed a red ugly thing
 10193 | D:9      | Killed a white ugly thing
 10204 | D:9      | Killed a cyan ugly thing
 10254 | D:9      | Noticed a tengu warrior
 10380 | D:9      | Killed a tengu warrior
 10423 | D:9      | Reached skill level 12 in Conjurations
 10568 | D:9      | Noticed a boulder beetle
 10584 | D:9      | Killed a boulder beetle
 10584 | D:9      | Reached **** piety under Makhleb
 10587 | D:9      | Killed a cyclops
 10856 | D:9      | Found a transporter.
 11002 | D:9      | Found a transporter.
 11005 | D:9      | Found a transporter.
 11019 | D:9      | Noticed a manticore
 11400 | D:9      | Killed a manticore
 11631 | D:10     | Entered Level 10 of the Dungeon
 11769 | D:10     | Reached skill level 13 in Conjurations
 11829 | D:10     | Learned a level 4 spell: Fulminant Prism
 11991 | D:10     | Found a staircase to the Orcish Mines.
 12069 | D:10     | Reached skill level 1 in Armour
 13137 | D:11     | Reached XP level 12. HP: 73/73 MP: 14/22
 13777 | D:12     | Noticed a boulder beetle
 13809 | D:12     | Found a runed translucent gate.
 13809 | D:12     | Found a runed translucent gate.
 13809 | D:12     | Found a runed translucent gate.
 13811 | D:12     | Noticed a ten-headed hydra
 13812 | D:12     | Noticed pdpol's ghost (journeyman MiFi)
 13813 | D:12     | Noticed a ten-headed hydra
 13895 | D:12     | Reached skill level 14 in Conjurations
 14033 | D:12     | Killed a boulder beetle
 14207 | D:12     | Found Muen's General Store.
 14547 | D:12     | Mangled by a skeletal warrior

Illustrated notes

Levels and vault maps discovered:
D:1:      scummos_arrival_checkerplants, layout_loops_ring,
          dilly_ecumenical_altar_fadedgnrine, chequers_serial_rivers_large_a
D:2:      layout_loops_cross, minmay_between
D:3:      layout_loops_cross, hellmonk_okawaru_the_only_friend_you_need,
          minivault_24, uniq_grinder, uniq_natasha
D:4:      layout_loops_corners, led_sif_pool, chequers_decorated_corner,
          hangedman_abyss_or_decor_passed
D:5:      layout_cave_pools, makhleb_heckhound_becter, temple_pool_b,
          lightli_sewer_entry_pipes, serial_column_ruins,
          column_ruins_columns_straight, column_ruins_columns_dead_end,
          column_ruins_grid_1, column_ruins_grid_1,
          column_ruins_corridor_straight, minmay_ruined_shrine
D:6:      kennysheep_slugbush, layout_gridville, minmay_small_thing,
          uniq_duvessa
D:7:      layout_basic, lemuel_coloured_pillars_altar, evilmike_ruin_ashenzari,
          chequers_hall_statues_corner_a, minivault_4, uniq_menkaure
D:8:      layout_loops_ring, dpeg_oklobed_lair, kennysheep_diamond
D:9:      minmay_the_grid_four_pointed_star_mashed
          [minmay_the_grid_triangle_9x9_sparse_checkered,
          minmay_the_grid_triangle_9x9_stretched_checkered,
          minmay_the_grid_triangle_9x9_longest,
          minmay_the_grid_triangle_9x9_warning,
          minmay_the_grid_prize_four_corners], layout_basic,
          serial_nicolae_subway, nicolae_sub_station_crystal,
          nicolae_sub_station_stone, nicolae_sub_station_metal, uniq_grum
D:10:     layout_roguey, david_orc_2
D:11:     layout_basic
D:12:     layout_big_octagon, gammafunk_ghost_hydra_chop, serial_shops, shop
Temple:   minmay_crystal_spiral_temple

Skill      XL: |  1  2  3  4  5  6  7  8  9 10 11 12 |
---------------+-------------------------------------+-----
Earth Magic    | 4 5 6 8 9 11 13 | 13.6
Conjurations   | 1 2 3 4 6 8 11 13 14 | 14.5
Fighting       | 1 2 3 4 5 6 8 |  8.5
Stealth        | 3 4 |  4.0
Spellcasting   | 3 4 5 6 7 |  7.4
Air Magic      | 1 2 3 |  3.0
Armour         | 2 4 |  4.6
Dodging        | |  1.5
Transmutations | |  0.7

Action                     |  1- 3 |  4- 6 |  7- 9 | 10-12 || total
---------------------------+-------+-------+-------+-------++-------
  Melee: Short sword       |       |     7 |    22 |    31 ||    60
   Cast: Sandblast         |    65 |    56 |   140 |    95 ||   356
         Stone Arrow       |       |     2 |    47 |   164 ||   213
         Mephitic Cloud    |       |       |     2 |    19 ||    21
         Swiftness         |       |       |       |     1 ||     1
 Invoke: Major Destruction |       |       |       |     2 ||     2
    Use: Scroll            |       |     1 |     8 |    11 ||    20
         Potion            |       |       |       |     3 ||     3
 Armour: Robe              |     2 |       |       |       ||     2
         Leather armour    |     7 |    13 |    39 |       ||    59
         Steam dragon scal |       |       |     5 |    86 ||    91
  Dodge: Dodged            |     8 |    13 |    48 |   101 ||   170
  Block: Other             |     3 |     4 |    13 |       ||    20
